 Dungeon Crawl Stone Soup version 0.30.0-29-ga12c61a403 (webtiles) character file.

Game seed: 3000353309679322685

4497 nogood the Thaumaturge (level 10, -7/63 HPs)
             Began as a Demonspawn Ice Elementalist on June 25, 2023.
             Was an Initiate of Gozag.
             Killed from afar by a manticore (16 damage)
             ... with a volley of spikes
             ... on level 8 of the Dungeon.
             The game lasted 00:41:29 (8046 turns).

nogood the Thaumaturge (DsIE)                       Turns: 8046, Time: 00:41:29

Health: -7/63      AC: 11    Str: 10    XL:     10   Next: 16%
Magic:  19/22      EV: 12    Int: 20    God:    Gozag
Gold:   207        SH:  0    Dex: 13    Spells: 13/25 levels left

rFire   + . .        d - +0 short sword
rCold   . . .        (no shield)
rNeg    . . .        a - +0 robe
rPois   .            (helmet restricted)
rElec   .            m - +2 cloak
rCorr   .            g - +2 pair of gloves
SInv    .            (no boots)
Will    .....        N - amulet of regeneration
Stlth   ++           e - ring of wizardry
HPRegen 1.10/turn    s - ring of protection from fire
MPRegen 0.18/turn

%: wizardry (x1)
@: spiked
A: antennae 2, slimy green scales 2, powered by death 1
a: Renounce Religion, Potion Petition, Call Merchant, Bribe Branch


You were on level 8 of the Dungeon.
You worshipped Gozag.
Gozag was aware of your devotion.
You visited 2 branches of the dungeon, and saw 9 of its levels.

You collected 690 gold pieces.
You spent 352 gold pieces at shops.
You paid 131 gold pieces to Gozag.

Inventory:

Hand Weapons
 c - a +0 dagger
 d - a +0 short sword (weapon)
 C - a +2 dagger of electrocution
 H - the +6 spear of the Hurtling Fulmar {speed, rPois rCorr Dex+2}
   (You found it on level 5 of the Dungeon)

   Dex:       It affects your dexterity (+2).
   rPois:     It protects you from poison.
   rCorr:     It protects you from acid and corrosion.
Armour
 a - a +0 robe (worn)
 g - a +2 pair of gloves (worn)
 i - a +0 chain mail
 m - a +2 cloak (worn)
 w - a +2 scale mail of poison resistance
 L - a +0 kite shield
Jewellery
 e - a ring of wizardry (left hand)
 o - an amulet of the acrobat
 s - a ring of protection from fire (right hand)
 M - a ring of resist corrosion
 N - an amulet of regeneration (around neck)
Wands
 p - a wand of polymorph (23)
 v - a wand of paralysis (15)
 K - a wand of digging (2)
Scrolls
 f - a scroll of amnesia {unknown}
 h - 3 scrolls of noise
 j - 3 scrolls of enchant armour
 r - 3 scrolls of teleportation
 u - 3 scrolls of blinking
 y - 2 scrolls of enchant weapon {unknown}
 z - a scroll of acquirement {unknown}
 A - a scroll of fog {unknown}
 B - a scroll of vulnerability {unknown}
 E - a scroll of poison {unknown}
 J - a scroll of torment {unknown}
Potions
 b - 2 potions of magic
 k - 2 potions of attraction
 l - 7 potions of curing
 n - a potion of flight {unknown}
 t - 3 potions of might
 x - 2 potions of invisibility
 D - 2 potions of resistance
 F - 2 potions of degeneration
 G - a potion of cancellation {unknown}
 I - 2 potions of heal wounds


   Skills:
 + Level 4.9 Short Blades
 - Level 1.7 Dodging
 - Level 1.7 Stealth
 + Level 2.6 Shields
 * Level 8.2 Spellcasting
 + Level 5.1 Summonings
 + Level 7.3 Ice Magic
 + Level 4.6 Air Magic


You had 13 spell levels left.
You knew the following spells:

 Your Spells              Type           Power      Damage    Failure   Level
a - Freeze                Ice            100%       1d10      1%          1
b - Ozocubu's Armour      Ice            37%        N/A       1%          3
c - Summon Lightning Spi  Summ/Air       27%        N/A       4%          4
d - Summon Ice Beast      Ice/Summ       33%        N/A       2%          4

Your spell library contained the following spells:

 Spells                   Type           Power      Damage    Failure   Level
 Static Discharge         Conj/Air       34%        2-4/arc   1%          2
 Frozen Ramparts          Ice            74%        1d12      1%          3
 Airstrike                Air            13%        2d(2-18)  4%          4


Dungeon Overview and Level Annotations

Branches:
Dungeon (8/15)             Temple (1/1) D:4
   Lair: D:8-11

Altars:
Cheibriados
Dithmenos
Fedhas
Gozag
Hepliaklqana
Makhleb
Nemelex Xobeh
Okawaru
Qazlal
Ru
Sif Muna
Trog
Uskayaw
Vehumet
Wu Jian
Xom
Yredelemnul
Lugonu

Shops:
D:4 (   D:6 *   D:7 [=*


Innate Abilities, Weirdness & Mutations

You have a pair of antennae on your head.
You are mostly covered in slimy green scales. (AC +3)
You regenerate a little health from kills.


Message History

The volley of spikes misses you.
The barbs in your skin will harm you if you move.
Continue?
A troll comes into view.
The barbed spikes dig painfully into your body as you move.
The manticore flicks its tail.
The volley of spikes hits you!
The barbed spikes become lodged in your body.
The jelly quivers.
You hear a shout!
The barbed spikes dig painfully into your body as you move.
Your lightning spire disappears in a puff of smoke!
Casting: Summon Lightning Spire (dangerous; 4% risk of failure)
Confirm with . or Enter, or press ? or * to list all spells.
An electric hum fills the air.
An orc warrior comes into view. It is wielding a +0 battleaxe.
The barbed spikes dig painfully into your body as you move.
The manticore flicks its tail.
The volley of spikes hits you!
The barbed spikes become lodged in your body.
The barbed spikes dig painfully into your body as you move.
The barbed spikes dig painfully into your body as you move.
* * * LOW HITPOINT WARNING * * *
The barbed spikes dig painfully into your body as you move.
* * * LOW HITPOINT WARNING * * *
Your lightning spire shoots out a bolt of lightning at the manticore!
The bolt of electricity hits the troll!
The bolt of electricity hits the manticore!
The barbed spikes dig painfully into your body as you move.
* * * LOW HITPOINT WARNING * * *
Your lightning spire shoots out a bolt of lightning at the manticore!
The bolt of electricity hits the troll.
The bolt of electricity hits the manticore!
The barbed spikes dig painfully into your body as you move.
* * * LOW HITPOINT WARNING * * *
There is a stone staircase leading up here.
The manticore flicks its tail.
The volley of spikes hits you!
The barbed spikes become lodged in your body.
You die...
Your body crumbles into a pile of gold.

#.....# #.....#
#.....# #.....#
######.....##+###
#........8.......
#.....T.........o
#@....H.o........
#................
#......J.........
#...........#....
#..........#.....
#.........##.....
###+###...# J...
#..## ... +..#


You could see a manticore, a troll, an orc warrior and a jelly.

Vanquished Creatures
  Maggie (D:7)
  Sigmund (D:2)
  A steam dragon (D:6)
  A black bear (D:6)
  An ogre (D:4)
  A centaur (D:7)
  Blork the orc (D:4)
  3 bullfrogs
  3 scorpions
  4 crimson imps (D:7)
  3 hounds
  Ijyb (D:3)
  4 orc wizards
  A sleepcap (D:5)
  3 gnolls
  5 adders
  A shadow imp (D:7)
  3 ufetubi
  2 worms
  2 dart slugs
  11 orcs
  6 endoplasms
  3 giant cockroaches
  7 goblins
  7 hobgoblins
  4 jackals (D:2)
  5 quokkas
  10 ball pythons
  4 bats
  14 kobolds
  3 rats
116 creatures vanquished.

Vanquished Creatures (collateral kills)
  A kobold demonologist (D:6)
  Grinder (D:4)
  6 yaks
  2 water moccasins
  Duvessa (D:4)
  2 black bears
  An ice beast (D:6)
  3 phantoms
  2 kobold brigands (D:6)
  A bullfrog (D:8)
  A gnoll sergeant (D:6)
  Dowan (D:4)
  A hound (D:6)
  An orc priest (D:6)
  A sleepcap (D:6)
  9 gnolls (D:6)
  3 adders (D:5)
  A white imp (D:6)
  An ufetubus (D:6)
  6 orcs
  8 kobolds (D:6)
53 creatures vanquished.

Grand Total: 169 creatures vanquished

Notes
Turn   | Place    | Note
-------+----------+-------------------------------------------
     0 | D:1      | nogood the Demonspawn Ice Elementalist began the quest for
                  | the Orb.
     0 | D:1      | Reached XP level 1. HP: 13/13 MP: 3/3
   305 | D:1      | Gained mutation: You are partially covered in slimy green
                  | scales. (AC +2) [demonic ancestry]
   305 | D:1      | Reached XP level 2. HP: 19/19 MP: 0/5
  1267 | D:2      | Gained mutation: You regenerate a little health from kills.
                  | [demonic ancestry]
  1267 | D:2      | Reached XP level 3. HP: 24/24 MP: 7/7
  1330 | D:2      | Noticed Sigmund
  1341 | D:2      | Killed Sigmund
  1342 | D:2      | Reached skill level 4 in Spellcasting
  1342 | D:2      | Reached skill level 5 in Ice Magic
  1342 | D:2      | Reached XP level 4. HP: 30/30 MP: 0/10
  1342 | D:2      | Reached XP level 5. HP: 35/35 MP: 0/11
  1803 | D:2      | Found a faded altar of an unknown god.
  2349 | D:3      | Noticed Ijyb
  2352 | D:3      | Paralysed by Ijyb for 4 turns
  2359 | D:3      | Paralysed by Ijyb for 3 turns
  2364 | D:3      | Killed Ijyb
  2533 | D:3      | Gained mutation: You are mostly covered in slimy green
                  | scales. (AC +3) [demonic ancestry]
  2533 | D:3      | Reached XP level 6. HP: 40/41 MP: 4/12
  2534 | D:3      | Reached skill level 1 in Short Blades
  3197 | D:3      | Learned a level 3 spell: Ozocubu's Armour
  3202 | D:3      | Learned a level 4 spell: Summon Lightning Spire
  3233 | D:4      | Noticed Dowan
  3235 | D:4      | Noticed Duvessa
  3279 | D:4      | Noticed Blork the orc
  3359 | D:4      | Killed Blork the orc
  3764 | D:4      | Reached skill level 1 in Summonings
  3764 | D:4      | Reached skill level 1 in Air Magic
  3989 | D:4      | Reached XP level 7. HP: 46/46 MP: 9/14
  4240 | D:4      | Found a staircase to the Ecumenical Temple.
  4249 | Temple   | Entered the Ecumenical Temple
  4401 | D:4      | Reached skill level 5 in Spellcasting
  4548 | D:4      | Noticed Grinder
  4566 | D:4      | Killed Grinder
  4630 | D:4      | Found Koudos's Weapon Boutique.
  4785 | D:4      | Killed Duvessa
  4785 | D:4      | Killed Dowan
  4786 | D:4      | Gained mutation: You have a pair of small antennae on your
                  | head. [demonic ancestry]
  4786 | D:4      | Reached XP level 8. HP: 52/52 MP: 10/16
  4876 | D:5      | Entered Level 5 of the Dungeon
  4882 | D:5      | Learned a level 4 spell: Summon Ice Beast
  4900 | D:5      | Found a snail-covered altar of Cheibriados.
  4985 | D:5      | Identified the +6 spear of the Hurtling Fulmar {speed,
                  | rPois rCorr Dex+2}
  5089 | D:5      | Reached skill level 6 in Spellcasting
  5149 | D:5      | Found a shadowy altar of Dithmenos.
  5567 | D:6      | Noticed a kobold demonologist
  5579 | D:6      | Noticed a soul eater
  5579 | D:6      | Killed a kobold demonologist
  5755 | D:6      | Gained mutation: You have a pair of antennae on your head.
                  | [demonic ancestry]
  5755 | D:6      | Reached XP level 9. HP: 42/57 MP: 10/19
  6006 | D:6      | Found Jumil's Lightly-Used Armoury.
  6014 | D:6      | Reached skill level 7 in Spellcasting
  6446 | D:6      | Found a stormy altar of Qazlal.
  6447 | D:6      | Found a shimmering blue altar of Sif Muna.
  6447 | D:6      | Found a hazy altar of Hepliaklqana.
  6449 | D:6      | Found an opulent altar of Gozag.
  6450 | D:6      | Found a sacrificial altar of Ru.
  6468 | D:6      | Became a worshipper of Gozag Ym Sagoz the Greedy
  6836 | D:7      | Noticed Maggie
  6846 | D:7      | Killed Maggie
  6847 | D:7      | Reached skill level 1 in Shields
  6993 | D:7      | Found a shimmering altar of Xom.
  7198 | D:6      | Reached skill level 8 in Spellcasting
  7375 | D:7      | Reached XP level 10. HP: 61/63 MP: 17/22
  7538 | D:7      | Reached skill level 5 in Summonings
  7598 | D:7      | Found Jiastaxt's Antique Armour Emporium.
  7599 | D:7      | Found Wihoom's Jewellery Shoppe.
  7601 | D:7      | Found Zuiqet's Assorted Antiques.
  7629 | D:7      | Bought a scroll labelled ORGHA QUMOEJAD for 22 gold pieces
  7631 | D:7      | Bought an amulet of regeneration for 330 gold pieces
  7806 | D:7      | Found a basalt altar of Yredelemnul.
  8033 | D:8      | Noticed a manticore
  8046 | D:8      | Killed from afar by a manticore

Illustrated notes

Levels and vault maps discovered:
D:1:      sevenhm_arrival_forest_fort_large_4, layout_basic, minmay_hedge_maze
D:2:      layout_basic, ebering_ecumenical_altar_mist,
          chequers_serial_rivers_small_a, minmay_tromino_v2, uniq_sigmund
D:3:      layout_basic, st_stairs_8, uniq_ijyb
D:4:      layout_cave_pods, minmay_temple_entry_butterflies, serial_park,
          serial_park_fountain, serial_park_square2, serial_park_square1
          [serial_park_minivault_5x5_8], serial_shops, kennysheep_mini,
          kennysheep_windowed_goal, uniq_duvessa, uniq_blork_the_orc,
          uniq_grinder
D:5:      layout_rooms, mainiacjoe_overflow_chevrons, lemuel_doored_altar,
          mainiacjoe_overflow_catwalk, minivault_1, minmay_crystal_water
D:6:      layout_loops_ring, grunt_temple_overflow_open, minmay_shop_damaged
D:7:      layout_cave_pools, led_xom_imps, mainiacjoe_overflow_tiny_flanked,
          nicolae_wooded_promenade, uniq_maggie
D:8:      layout_gridville, ashenzari_altar_1, kiku_gazebo_garden_becter,
          minmay_lair_entry_grove, minmay_manual_moon, uniq_erica, uniq_amaemon
Temple:   kb_corrupted_temple

Skill      XL: |  1  2  3  4  5  6  7  8  9 10 |
---------------+-------------------------------+-----
Ice Magic      | 4 5 6 7 |  7.3
Spellcasting   | 4 5 6 8 |  8.2
Short Blades   | 1 2 3 4 |  4.9
Summonings     | 1 2 3 4 5 |  5.1
Air Magic      | 1 2 3 4 |  4.6
Shields        | 2 |  2.6
Dodging        | |  1.7
Stealth        | |  1.7

Action                     |  1- 3 |  4- 6 |  7- 9 | 10-12 || total
---------------------------+-------+-------+-------+-------++-------
  Melee: Unarmed           |     2 |       |       |       ||     2
         Short sword       |   129 |   105 |   130 |    18 ||   382
         Punch             |       |     1 |     1 |     1 ||     3
   Cast: Freeze            |    34 |    78 |   100 |    13 ||   225
         Ozocubu's Armour  |       |     2 |     2 |       ||     4
         Summon Lightning  |       |       |    22 |     6 ||    28
  Evoke: Wand              |       |     3 |       |       ||     3
    Use: Scroll            |       |       |       |     9 ||     9
   Stab: Sleeping          |     2 |     1 |     1 |       ||     4
         Paralysed         |       |     4 |       |       ||     4
 Armour: Robe              |    38 |    78 |   109 |    14 ||   239
  Dodge: Dodged            |    49 |   133 |   196 |    15 ||   393
